← All builds
Suicide front / Armada / Factory first / OBSERVED BUILD

Standard suicide front

Armada Suicide front build order · Supreme Isthmus

The role's baseline: Bot Lab at 0:21 then straight into reclaim-fed T1 bot production to contest the middle and hold until T2 arrives, with an Advanced Metal Extractor around 9:45.

#rush · 2093 distinct matches · 240 players · 72% of Armada Suicide front games · team won 59% of 2473 · Recently observed

HOW TO PLAY IT

Key timing: Bot Lab by 0:20

  1. Open with mex and lab-first to get Bot Lab up by 0:20.
  2. Expand mex and wind while lab pumps units toward middle.
  3. Push Sentry and early Rocketeer, Centurion to contest middle.
  4. Get T2 constructor out once Pond's boost lets you spare metal.
  5. Upgrade mex to Advanced Metal Extractor as you transition off T1 spam.

Phase by phase

TYPICAL OF ITS 2093 GAMES
  1. 1
  2. 2
  3. 3
PLAY THE OPENING

Follow the example game's first 6:00 step by step: what to build now, what comes next, and where it goes. At 1× it keeps pace with your own game.

  1. 1

    Bot Lab first

    Order
    1. Bot LabBot Lab done ~0:26, middle half 0:20–0:33

    Some games also: mex (45%)

  2. 2

    Bot Lab to 5:00

    Economy
    • Metal Extractor5Mex
    • Wind Turbine4Wind
    Builders
    • Construction Bot3 Con bot
    • Lazarus2 Lazarus
    Army
    • Sentry4 Sentry
    • Rocketeer16 Rocketeer
    • Tick2 Tick
    • Centurion1 Centurion
    Other
    • Radar Tower1 Radar Tower

    Some games also: pawn (38%) · con turret (34%)

    By 5:00 in all: 5 mex · 4 wind

    The example game in this phase · 27 steps
    1. Mex
    2. TickTick ×2
    3. LazarusLazarus
    4. Mex
    5. Wind
    6. Construction BotCon bot
    7. Mex
    8. Construction BotCon bot
    9. TickTick ×2
    10. SentrySentry
    11. TickTick ×7
    12. Mex
    13. TickTick
    14. Construction BotCon bot
    15. CenturionCenturion
    16. SentrySentry
    17. RocketeerRocketeer ×2
    18. SentrySentry
    19. RocketeerRocketeer ×3
    20. SentrySentry
    21. RocketeerRocketeer
    22. LazarusLazarus
    23. BruteBrute
    24. Construction BotCon bot
    25. RocketeerRocketeer ×8
    26. SentrySentry
    27. RocketeerRocketeer ×3
  3. 3

    5:00 to 10:00

    Economy
    • Metal Extractor1Mex
    • Wind Turbine15Wind
    Builders
    • Construction Turret2 Con turret
    • Lazarus2 Lazarus
    • Construction Bot1 Con bot
    Army
    • Sentry1 Sentry
    • Rocketeer8 Rocketeer

    Some games also: pawn (48%) · Radar Tower (46%) · tick (44%) · centurion (44%) · energy storage (42%) · eat Bot Lab (31%)

    By 10:00 in all: 6 mex · 21 wind · 1 energy storage · 2 con turret

    The example game in this phase · 35 steps
    1. RocketeerRocketeer ×4
    2. BeamerBeamer
    3. SentrySentry
    4. RocketeerRocketeer ×3
    5. Mex
    6. RocketeerRocketeer
    7. CenturionCenturion
    8. RocketeerRocketeer
    9. BeamerBeamer
    10. RocketeerRocketeer
    11. GauntletGauntletdone 8:20
    12. Radar TowerRadar Tower
    13. Construction BotCon bot
    14. Advanced Metal ExtractorT2 mexdone 8:38 · typical 9:47
    15. Wind ×3
    16. Dragon's TeethDragon's Teeth
    17. Wind
    18. Dragon's TeethDragon's Teeth
    19. Construction BotCon bot
    20. Dragon's TeethDragon's Teeth ×2
    21. Wind
    22. Dragon's TeethDragon's Teeth ×3
    23. Wind
    24. Advanced Metal ExtractorT2 mex
    25. Dragon's TeethDragon's Teeth ×4
    26. Wind
    27. Dragon's TeethDragon's Teeth
    28. Wind ×3
    29. AnemoneAnemone
    30. Wind ×2
    31. SentrySentry
    32. Advanced Metal ExtractorT2 mex
    33. Wind ×2
    34. BeamerBeamer ×2
    35. Wind ×5

Counts are medians over the build's games: half of them build more, half fewer. The example game is rainefullstop's (34 OS, 14/10/2026); pick another.

Team trades

IN AT LEAST 30% OF ITS GAMES

You hand over

Nothing regular.

You get

  • Tidal Generator4 Tidal from Pondfirst at 0:11 · in 68% of games
  • Advanced Construction Bot1 T2 con bot from Geo or Techfirst at 7:42 · in 57% of games

How it plays out

Typical game of this build, running totals by minute

Metal produced

010k20k
0:005:0010:0015:00

metal

Enemy metal destroyed

05k10k
0:005:0010:0015:00

metal

Own metal lost

05k10k
0:005:0010:0015:00

metal

2473 games.

Show as table
ByMetal produced: This buildEnemy metal destroyed: This buildOwn metal lost: This build
1:0023000
2:0088700
3:002007189130
4:003110642502
5:0041861352996
6:00535021851698
7:00654430602581
8:00775239403488
9:00903347074363
10:001039653205143
11:001186058605952
12:001355464236646
13:001537568757429
14:001728575038209
15:001924781038976
WHAT THE NUMBERS SAY

Standard Suicide front play wins a bit over half its games while taking the heaviest own losses of any role by 15:00.

  • + Produces 20142 metal by 15:00, highest of the front roles.
  • + First kill by 2:01 in all games, fastest contest of middle.
  • − Own metal lost hits 9178 by 15:00, more than enemy metal destroyed.
  • − Only 34% Rocketeer share shows army spread thin across many bot types.
THE EXAMPLE YOU ARE READING

rainefullstop

33.9 OS · 14/10/2026

Open source match ↗

5 received units · includes a constructor
333 metal received · 13888 energy received

Allied construction assistance is unknown. Timings are observations, not a promise of solo reproducibility.

Typical milestones

Bot Lab0:26Middle 50%: 0:20–0:33 · n=2465
Advanced Metal Extractor9:47Middle 50%: 8:50–10:59 · n=1785

Played most by

_X_265games of this buildPlatinumBlonde188games of this buildXad165games of this buildTrapCaT111games of this buildImmort80games of this build
Standard suicide front · Armada Suicide front build order · BAR Build Atlas